 Dungeon Crawl Stone Soup version 0.20.0-15-g7f486f2 (webtiles) character file.

112 sagitran the Magician (level 4, -1/32 HPs)
             Began as a Demonspawn Wanderer on June 12, 2017.
             Killed by divine providence
             ... invoked by an orc priest
              (8 damage)
             ... on level 3 of the Dungeon.
             The game lasted 00:33:04 (1515 turns).

sagitran the Magician (Demonspawn Wanderer)         Turns: 1515, Time: 00:33:04

Health: -1/32      AC:  5    Str: 14    XL:     4   Next: 64%
Magic:  9/10       EV: 10    Int: 13    God:
Gold:   108        SH:  0    Dex: 12    Spells: 3/11 levels left

rFire    . . .     SeeInvis .   d - +0 hand axe
rCold    . . .     Gourm    .   (no shield)
rNeg     + . .     Faith    .   b - +0 ring mail
rPois    .         Spirit   .   (helmet restricted)
rElec    .         Reflect  .   (no cloak)
rCorr    .         Harm     .   (no gloves)
MR       .....                  (no boots)
Stlth    +.........             (no amulet)
Regen    0.1/turn               o - ring of positive energy
MPRegen  0.2/turn               (no ring)

@: very slightly contaminated
A: antennae 1, spiny 1
a: no special abilities


You were on level 3 of the Dungeon.
You were not hungry.

You visited 1 branch of the dungeon, and saw 3 of its levels.

You collected 108 gold pieces.

Inventory:

Hand Weapons
 d - a +0 hand axe (weapon)
Armour
 b - a +0 ring mail (worn)
Jewellery
 o - a ring of positive energy (left hand)
Scrolls
 c - 2 scrolls of remove curse
 e - a scroll of immolation {unknown}
 l - 3 scrolls of amnesia {unknown}
 m - a scroll of teleportation {unknown}
Potions
 i - 2 potions of berserk rage {unknown}
 j - a potion of might {unknown}
 k - 2 potions of heal wounds {unknown}
Books
 a - a book of Necromancy

   Spells                             Type                      Level
   a - Pain                           Necromancy                   1
   b - Animate Skeleton               Necromancy                   1
   c - Vampiric Draining              Necromancy                   3
   d - Regeneration                   Charms/Necromancy            3
   e - Animate Dead                   Necromancy                   4
   f - Control Undead                 Necromancy                   4
Comestibles
 h - 4 royal jellies
 n - a fruit


   Skills:
 + Level 1.2 Fighting
 + Level 1.1(1.2) Axes
   Level 0.5(1.0) Maces & Flails
 + Level 1.3 Armour
 + Level 1.1 Dodging
   Level 1.0 Shields
 + Level 4.0 Spellcasting
 + Level 3.2 Necromancy
   Level 1.0 Evocations


You had 3 spell levels left.
You knew the following spells:

 Your Spells              Type           Power        Failure   Level  Hunger
a - Pain                  Necr           ##..         11%         1    None
b - Animate Skeleton      Necr           N/A          11%         1    None
c - Vampiric Draining     Necr           ##........   32%         3    ###....
d - Regeneration          Chrm/Necr      #.........   54%         3    ###....


Dungeon Overview and Level Annotations

Branches:
Dungeon (3/15)

Altars:
The Shining One


Innate Abilities, Weirdness & Mutations

You have a pair of small antennae on your head.
You are partially covered in sharp spines.


Message History

The orc is struck by your spines. The orc closely misses you. The orc hits you.
* * * LOW HITPOINT WARNING * * *
The orc priest hits you with a club.
* * * LOW HITPOINT WARNING * * *
The orc closely misses you. The orc is struck by your spines.
You kill the orc!
The orc priest calls upon Beogh to heal the orc priest.
The orc priest's wounds heal themselves!
The hobgoblin hits your orc skeleton with a club.
Your orc skeleton hits the orc.
The hobgoblin hits something with a club.
The jackal is struck by your spines. The jackal closely misses you.
You hit the jackal.
You kill the jackal!
You barely miss the orc.
The orc is almost dead.
The orc priest invokes the aid of Beogh against you.
Beogh smites you!
You die...

#..........
#.......).
#........# ###
#........# ....
#.......?# .....
#....h..<#......
###+#oo{oog.....
#..o#{.Z......
###@##.?......
#.##........
#.##.##.....
#.##.# ####.
#.##.# #....#
###


You could see an orc priest, 2 orcs and a jackal.

Vanquished Creatures
  5 adders (D:2)
  An ooze (D:2)
  A worm (D:2)
  A dart slug (D:1)
  2 leopard geckos (D:1)
  2 orcs (D:3)
  5 bats
  4 giant cockroaches
  4 goblins (D:1)
  8 hobgoblins
  8 jackals
  3 kobolds
  2 frilled lizards
  5 rats
51 creatures vanquished.

Vanquished Creatures (collateral kills)
  A rat (D:2)
1 creature vanquished.

Grand Total: 52 creatures vanquished

Notes
Turn   | Place    | Note
-------+----------+-------------------------------------------
     0 | D:1      | sagitran the Demonspawn Wanderer began the quest for the Orb.
     0 | D:1      | sagitran set off with: a book of Necromancy, a +0 ring mail, a potion of curing, a +0 club, a bread ration
     0 | D:1      | Reached XP level 1. HP: 15/15 MP: 4/4
     2 | D:1      | Learned a level 1 spell: Pain
     4 | D:1      | Learned a level 1 spell: Animate Skeleton
   349 | D:1      | Gained mutation: You are partially covered in sharp spines. [demonic ancestry]
   349 | D:1      | Reached XP level 2. HP: 21/21 MP: 6/6
   594 | D:1      | Reached skill level 1 in Dodging
   606 | D:1      | Gained mutation: You have a pair of small antennae on your head. [demonic ancestry]
   606 | D:1      | Reached XP level 3. HP: 20/26 MP: 7/7
   614 | D:1      | Learned a level 3 spell: Vampiric Draining
   631 | D:1      | Learned a level 3 spell: Regeneration
  1034 | D:2      | Reached XP level 4. HP: 28/32 MP: 3/9
  1220 | D:2      | Reached skill level 4 in Spellcasting
  1284 | D:2      | Found a glowing golden altar of the Shining One.
  1515 | D:3      | Killed from afar by an orc priest

Skill      XL: |  1  2  3  4 |
---------------+-------------+-----
Dodging        | 1 |  1.1
Necromancy     | 3 |  3.2
Spellcasting   | 4 |  4.0
Fighting       | |  1.2
Axes           | |  1.1
Maces & Flails | |  0.5
Armour         | |  1.3
Shields        | |  1.0
Evocations     | |  1.0

Action                   |  1- 3 |  4- 6 || total
-------------------------+-------+-------++-------
Melee: Club              |    44 |       ||    44
       Hand axe          |    41 |    28 ||    69
 Cast: Pain              |    23 |    11 ||    34
       Animate Skeleton  |    10 |     1 ||    11
       Vampiric Draining |     4 |     4 ||     8
  Use: Potion            |     1 |       ||     1
       Scroll            |       |     1 ||     1
  Eat: Chunk             |     1 |     1 ||     2
       Bread ration      |       |     1 ||     1
Armor: Ring mail         |    78 |     9 ||    87
Dodge: Dodged            |    76 |    27 ||   103
